 Dungeon Crawl Stone Soup version 0.17-a0-124-gc3c9679 (webtiles) character file.

126 HAL9000 the Cudgeler (level 5, -6/53 HPs)
             Began as an Ogre Hunter on Mar 22, 2015.
             Mangled by Sigmund
             ... wielding a +2 vampiric scythe
              (16 damage)
             ... on level 3 of the Dungeon.
             The game lasted 00:05:48 (2905 turns).

HAL9000 the Cudgeler (Ogre Hunter)                  Turns: 2905, Time: 00:05:48

Health: -6/53      AC:  3    Str: 17    XL:     5   Next: 9%
Magic:  5/5        EV: 10    Int: 10    God:
Gold:   112        SH:  0    Dex: 11    Spells: 0 memorised, 4 levels left

rFire  . . .     SeeInvis .     m - +0 mace
rCold  . . .     Clarity  .     t - +0 robe
rNeg   . . .     SustAb   .     (shield restricted)
rPois  .         Gourm    .     (helmet restricted)
rElec  .         Spirit   .     (no cloak)
rCorr  .         Warding  .     (gloves unavailable)
rMut   .         Stasis   .     (boots unavailable)
MR     .....                    (no amulet)
Stlth  +.........               (no ring)
                                (no ring)

@: confused, not resistant to hostile enchantments, very unstealthy
A: unfitting armour, tough skin 1
a: no special abilities


You were on level 3 of the Dungeon.
You were not hungry.

You visited 1 branch of the dungeon, and saw 3 of its levels.

You collected 112 gold pieces.

Inventory:

Hand weapons
 m - a +0 mace (weapon)
Missiles
 b - 4 large rocks (quivered)
Armour
 t - a +0 robe (worn)
Scrolls
 o - a scroll of remove curse {unknown}
 p - 2 scrolls of fog {unknown}
 q - a scroll of identify {unknown}
 r - a scroll of blinking {unknown}
 s - a scroll of teleportation {unknown}
 v - a scroll of recharging {unknown}
 w - a scroll of enchant armour {unknown}
Potions
 j - a potion of might {unknown}
 k - a potion of invisibility {unknown}
 n - a potion of restore abilities
Comestibles
 f - a meat ration
 g - a fruit
 h - 2 beef jerkies
 l - 2 bread rations


   Skills:
 - Level 3.1 Fighting
 + Level 5.4 Maces & Flails
 - Level 4.6 Throwing
 - Level 1.7 Dodging
 - Level 0.7 Stealth


You had 4 spell levels left.
You didn't know any spells.

Dungeon Overview and Level Annotations

Branches:
Dungeon (3/15)

Altars:

Annotations:
D:3 Sigmund


Innate Abilities, Weirdness & Mutations

You are too large for most types of armour.
You have tough skin (AC +1).


Message History

Unknown command.
Drink which item? (? for menu, Esc to quit)
It was a potion of restore abilities.
You feel refreshed.
Sigmund zaps a wand.
You resist with some effort.
Unknown command.
Sigmund hits you with a vampiric scythe!
You're too confused to move!
You bump into the rock wall.
Sigmund zaps a wand.
You are more confused.
You bump into the rock wall.
Sigmund hits you with a vampiric scythe!
* * * LOW HITPOINT WARNING * * *
You barely miss Sigmund.
Sigmund casts a spell.
Sigmund flickers and vanishes!
You miss something.
You hear a zap.
You are more confused.
You bump into the rock wall.
Something hits you!
You die...

#.....#.#....#.# #.#.#.
#.......#....#.# #.#.#.
#....#..#....#.#######.#.#.
#............#..[......#...
#####..........#########.#[
. #.#.##.###.# #... ..
#.#.##.# #.# ##.. #.
#.#.##(# #.# #..
#.#######.#.{#@# #.# +..
#......>.##.#{# #.# #..
########.##.#.# #.# #..
#########...###.# #..
................# #..
....######..##### #..
####......# #.. +..'...>..#
#.. ####......### +..


There were no monsters in sight!

Vanquished Creatures
  An orc wizard (D:3)
  Ijyb (D:3)
  Terence (D:3)
  An adder (D:2)
  A worm (D:2)
  A giant gecko (D:1)
  An ooze (D:3)
  4 orcs (D:3)
  5 bats
  3 giant cockroaches
  4 goblins
  5 hobgoblins
  5 jackals
  2 ball pythons
  4 giant newts
  6 kobolds
  6 rats
  A plant (D:1)
52 creatures vanquished.

Notes
Turn   | Place    | Note
--------------------------------------------------------------
     0 | D:1      | HAL9000, the Ogre Hunter, began the quest for the Orb.
     0 | D:1      | Reached XP level 1. HP: 22/22 MP: 1/1
   608 | D:1      | Reached XP level 2. HP: 24/31 MP: 2/2
   877 | D:1      | Reached skill level 1 in Maces & Flails
  1481 | D:2      | Reached XP level 3. HP: 37/37 MP: 3/3
  2353 | D:3      | Reached XP level 4. HP: 45/45 MP: 4/4
  2684 | D:3      | Noticed Terence
  2685 | D:3      | Killed Terence
  2685 | D:3      | Reached skill level 5 in Maces & Flails
  2730 | D:3      | Noticed Ijyb
  2744 | D:3      | Killed Ijyb
  2744 | D:3      | Reached XP level 5. HP: 53/53 MP: 5/5
  2844 | D:3      | Noticed Sigmund
  2905 | D:3      | Mangled by Sigmund

Action                   |  1- 3 |  4- 6 || total
-------------------------+-------+-------++-------
Melee: Short sword       |   139 |       ||   139
       Club              |    24 |       ||    24
       Mace              |    85 |    49 ||   134
Throw: Large rock        |     6 |    10 ||    16
       Throwing net      |       |     5 ||     5
  Use: Potion            |       |     1 ||     1
 Stab: Sleeping          |     1 |       ||     1
  Eat: Chunk             |     5 |     2 ||     7
